 Dungeon Crawl Stone Soup version 0.29-a0-362-g5854e031c7 (webtiles) character file.

Game seed: 46058118194875762

7 Shayle the Sneak (level 2, 0/17 HPs)
             Began as a Tengu Brigand on Apr 30, 2022.
             Slain by a frilled lizard (1 damage)
             ... on level 1 of the Dungeon.
             The game lasted 00:01:07 (254 turns).

Shayle the Sneak (Tengu Brigand)                     Turns: 254, Time: 00:01:08

Health: 0/17       AC:  3    Str: 11    XL:     2   Next: 4%
Magic:  3/3        EV: 12    Int: 11    God:
Gold:   38         SH:  0    Dex: 15    Spells: 1/1 levels left

rFire   . . .      SeeInvis .   a - +2 dagger
rCold   . . .      Faith    .   (no shield)
rNeg    . . .      Spirit   .   b - +0 robe
rPois   .          Reflect  .   (helmet restricted)
rElec   .          Harm     .   c - +0 cloak
rCorr   .          Rampage  .   (no gloves)
Will    .....                   (boots unavailable)
Stlth   +++.......              (no amulet)
HPRegen 0.05/turn               (no ring)
MPRegen 0.08/turn               (no ring)

@: no status effects
A: beak, talons 3
a: no special abilities


You were on level 1 of the Dungeon.
You visited 1 branch of the dungeon, and saw 1 of its levels.

You collected 38 gold pieces.

Inventory:

Hand Weapons
 a - a +2 dagger (weapon)
Missiles
 d - 9 poisoned darts
 e - 2 curare-tipped darts (quivered)
Armour
 b - a +0 robe (worn)
 c - a +0 cloak (worn)
Potions
 f - a potion of brilliance {unknown}


   Skills:
 + Level 2.1 Fighting
 + Level 2.3 Short Blades
 + Level 2.1 Throwing
 + Level 1.3 Dodging
 + Level 4.1 Stealth


You had one spell level left.
You didn't know any spells.
Your spell library contained the following spells:

 Spells                   Type           Power      Damage    Failure   Level
 Borgnjor's Revivificati  Necr           0%         N/A       100%        8
 Necromutation            Tmut/Necr      0%         N/A       100%        8
 Death's Door             Necr           0%         N/A       100%        9


Dungeon Overview and Level Annotations

Branches:
Dungeon (1/15)

Altars:


Innate Abilities, Weirdness & Mutations

You have a beak for a mouth.
You have claws for feet.


Message History

An endoplasm comes into view.
A frilled lizard comes into view.
The frilled lizard unfolds its giant frill.
Found 2 boomerangs.
The frilled lizard barely misses you.
You barely miss the frilled lizard. Your kick misses the frilled lizard.
Your peck misses the frilled lizard. The frilled lizard misses you.
The frilled lizard closely misses you.
The endoplasm quivers.
You hit the endoplasm but do no damage. You claw the endoplasm.
The endoplasm is lightly wounded.
The endoplasm freezes you.
You are frozen.
The frilled lizard barely misses you.
You hit the endoplasm but do no damage.
You peck the endoplasm, but do no damage.
The endoplasm is lightly wounded.
The endoplasm hits you. The frilled lizard bites you.
You barely miss the endoplasm.
You claw the endoplasm, but do no damage.
You peck the endoplasm.
The endoplasm is severely wounded.
The endoplasm barely misses you. The frilled lizard closely misses you.
You hit the endoplasm but do no damage.
The endoplasm is severely wounded.
The endoplasm freezes you.
You are frozen.
* * * LOW HITPOINT WARNING * * *
The frilled lizard closely misses you.
You hit the endoplasm.
You kill the endoplasm!
The frilled lizard bites you.
* * * LOW HITPOINT WARNING * * *
You have reached level 2!
Throw: 3 darts (curare)
Press: ? - help, Q - select action, (/) - cycle Shift-Dir - straight line, f - frilled lizard
Aim: a frilled lizard (42% to hit)
You throw a curare-tipped dart.
The curare-tipped dart closely misses the frilled lizard.
The frilled lizard bites you.
You die...

#.# .## #.
.#########
#.
...._.†..##
#.##
########..#
..#
##.#####.##
#........##
######.l..#
##.@.#
###.......
...(...
#..#### ..#
..# .# .#


You could see a frilled lizard.

Vanquished Creatures
  An endoplasm (D:1)
  A goblin (D:1)
  2 quokkas (D:1)
  2 ball pythons (D:1)
  A rat (D:1)
7 creatures vanquished.

Notes
Turn   | Place    | Note
-------+----------+-------------------------------------------
     0 | D:1      | Shayle the Tengu Brigand began the quest for the Orb.
     0 | D:1      | Reached XP level 1. HP: 12/12 MP: 2/2
   221 | D:1      | Found a faded altar of an unknown god.
   254 | D:1      | Reached XP level 2. HP: 1/17 MP: 3/3
   254 | D:1      | Slain by a frilled lizard

Illustrated notes

Levels and vault maps discovered:
D:1:      ebering_hopf_link, layout_rooms, ebering_ecumenical_altar_hall,
          st_stairs_10, minmay_misc_feat_more_columns

Action                   || total
-------------------------++-------
Melee: Dagger            ||    19
       Kick              ||     5
       Peck              ||     2
Throw: Dart              ||     1
 Stab: Sleeping          ||     1
Armor: Robe              ||     1
Dodge: Dodged            ||    17

Table legend: (Time is in decaauts)
 A = Elapsed time spent in this place.
 B = Non-inter-level travel time spent in this place.
 C = Inter-level travel time spent in this place.
 D = Time resting spent in this place.
 E = Time spent auto-exploring this place.
 F = Levels seen in this place.
 G = Mean time per level.
                   A        B        C        D        E       F      G
               +--------+--------+--------+--------+--------+-----+--------+
         Total |    252 |    252 |      0 |      0 |    179 |   1 |  252.0 |
       Dungeon |    252 |    252 |      0 |      0 |    179 |   1 |  252.0 |
               +--------+--------+--------+--------+--------+-----+--------+

Top non-repeatable levels by time:
     D:1: 252 daAuts
